AoeStats
← VeteRocha

Arabia

510454197Analyzed
1v1 RM · 1d ago on Oct 1, 2026· 36m 44s· 2 players
Game mode
Random Map
Map size
Tiny (2 player)
Population
200
Speed
Normal
Resources
Standard
Victory
Conquest
Starting age
Dark Age
Ending age
Imperial Age
RankedLock teamsTeams togetherTeam positionsShared explorationLock speedFull tech treeHidden civsTurbo modeCheats
Victory
Defeat
🇦🇷 Franks · Argentina
1102
+15
🇭🇰 Varangians · Hong Kong SAR China
1077
-15
HOMA
10:25 Feudal Age
11:40 Loom
14:32 Castle Age
12:50 Double-Bit Axe
17:06 Scale Mail Armor
33:30 Forging
33:26 Scale Barding Armor
35:04 Bow Saw
34:36 Horse Collar
35:55 Bloodlines
VeteRocha
7:24 Loom
10:28 Feudal Age
16:02 Castle Age
14:12 Double-Bit Axe
14:43 Stone Mining
16:15 Forging
27:27 Fletching
27:37 Padded Archer Armor
35:19 Imperial Age
33:53 Bodkin Arrow
Connection lost

Rejoining the realm…

Still unreachable

The connection could not be restored.

Session expired

The server has moved on; the page needs a fresh start.